Selects Canadian Shock Battlegroup
Construct Section Command Post
Construct Field Infirmary
Selects Canadian Shock Section
Construct Section Command Post
Construct Platoon Command Post
Selects Incendiary Munitions
6-pounder Anti-tank Gun Team
Construct Company Command Post
6-pounder Anti-tank Gun Team
Selects Churchill Crocodile Heavy Tank
Churchill Crocodile Heavy Tank
Unlock Bishop Self-propelled Artillery
Bishop Self-propelled Artillery
Bishop Self-propelled Artillery
Unlock Towed 17-pounder Anti-tank Guns
17-pounder Anti-tank Gun Team
Churchill Crocodile Heavy Tank
17-pounder Anti-tank Gun Team